 Dungeon Crawl Stone Soup version 0.29.1-12-g30fa7ad0bf (webtiles) character file.

Game seed: 14373943130774890081

76 booth the Ducker (level 4, -2/32 HPs)
             Began as a Gnoll Wanderer on Jan 15, 2023.
             Was an Initiate of Yredelemnul.
             Slain by a gnoll
             ... wielding a +0 spear
              (7 damage)
             ... on level 2 of the Dungeon.
             The game lasted 00:11:21 (1466 turns).

booth the Ducker (Gnoll Wanderer)                   Turns: 1466, Time: 00:11:22

Health: -2/32      AC:  3    Str: 11    XL:     4   Next: 32%
Magic:  0/8        EV: 14    Int: 13    God:    Yredelemnul [......]
Gold:   87         SH:  0    Dex: 12    Spells: 6/9 levels left

rFire   . . .      SeeInvis .   a - +0 hand axe
rCold   . . .      Faith    .   (no shield)
rNeg    . . .      Spirit   +   d - +0 robe
rPois   .          Reflect  .   (no helmet)
rElec   .          Harm     .   b - +0 cloak
rCorr   .          Rampage  .   (no gloves)
Will    .....                   (no boots)
Stlth   ++........              e - amulet of guardian spirit
HPRegen 0.10/turn               (no ring)
MPRegen 0.11/turn               (no ring)

@: no status effects
A: fangs 1, strong nose, distributed training
a: Renounce Religion, Recall Undead Harvest


You were on level 2 of the Dungeon.
You worshipped Yredelemnul.
Yredelemnul was noncommittal.
You visited 1 branch of the dungeon, and saw 2 of its levels.

You collected 87 gold pieces.

Inventory:

Hand Weapons
 a - a +0 hand axe (weapon)
Missiles
 k - 2 poisoned darts
Armour
 b - a +0 cloak (worn)
 d - a +0 robe (worn)
Jewellery
 e - an amulet of guardian spirit (around neck)
Scrolls
 c - 2 scrolls of blinking
 g - a scroll of immolation
 h - 3 scrolls of identify {unknown}
 i - 4 scrolls of poison {unknown}
 j - a scroll of summoning {unknown}
 l - a scroll of vulnerability {unknown}
 n - a scroll of butterflies {unknown}
 o - a scroll of enchant armour {unknown}
Potions
 f - a potion of ambrosia {unknown}
 m - a potion of curing {unknown}


   Skills:
 + Level 1.1 Fighting
 + Level 1.1 Short Blades
 + Level 1.1 Long Blades
 + Level 4.6 Axes
 + Level 1.1 Maces & Flails
 + Level 1.1 Polearms
 + Level 1.1 Staves
 + Level 1.1 Ranged Weapons
 + Level 1.1 Throwing
 + Level 1.1 Armour
 + Level 6.6 Dodging
 + Level 2.5 Stealth
 + Level 1.1 Shields
 + Level 1.1 Unarmed Combat
 + Level 3.0 Spellcasting
 + Level 0.9 Conjurations
 + Level 0.9 Hexes
 + Level 0.9 Summonings
 + Level 0.9 Necromancy
 + Level 0.9 Translocations
 + Level 0.9 Transmutations
 + Level 0.9 Fire Magic
 + Level 0.9 Ice Magic
 + Level 0.9 Air Magic
 + Level 5.4 Earth Magic
 + Level 0.9 Poison Magic
 + Level 1.2 Invocations
 + Level 1.1 Evocations


You had 6 spell levels left.
You knew the following spells:

 Your Spells              Type           Power      Damage    Failure   Level
a - Sandblast             Erth           32%        2d9       2%          1
b - Passwall              Tmut/Erth      8%         N/A       10%         2

Your spell library contained the following spells:

 Spells                   Type           Power      Damage    Failure   Level
 Animate Armour           Summ/Erth      20%        N/A       52%         4
 Anguish                  Hex/Necr       2%         N/A       83%         4
 Enfeeble                 Hex            2%         N/A       100%        7


Dungeon Overview and Level Annotations

Branches:
Dungeon (2/15)

Altars:
Yredelemnul


Innate Abilities, Weirdness & Mutations

You have very sharp teeth.
Your uncanny sense of smell can sniff out nearby items.
Your experience applies equally to all skills.


Message History

The kobold misses you.
The gnoll hits you from afar with a +0 spear.
You hit the kobold.
You kill the kobold!
The dead are walking!
The gnoll hits you from afar with a +0 spear.
You swap places.
The gnoll barely misses your kobold zombie.
Your kobold zombie barely misses the gnoll.
Casting: Sandblast (safe; 2% risk of failure)
Confirm with . or Enter, or press ? or * to list all spells.
Aiming: Sandblast (safe; 2% risk of failure)
Press: ? - help, Shift-Dir - straight line, f - gnoll
Aim: a gnoll, wielding a +0 spear (lightly wounded, ally target, 84% to hit)
Really fire in your kobold zombie's direction?
Okay, then.
The gnoll hits your kobold zombie with a +0 spear.
Your kobold zombie hits the gnoll.
The gnoll hits your kobold zombie with a +0 spear!
Your kobold zombie is destroyed!
The gnoll hits you from afar with a +0 spear!
The gnoll hits you with a +0 spear.
You hit the gnoll. Your bite misses the gnoll.
The gnoll is moderately wounded.
The gnoll hits you with a +0 spear.
* * * LOW HITPOINT WARNING * * *
You hit the gnoll.
The gnoll is moderately wounded.
The gnoll hits you with a +0 spear.
* * * LOW HITPOINT WARNING * * *
Casting: Sandblast (safe; 2% risk of failure)
Confirm with . or Enter, or press ? or * to list all spells.
Aiming: Sandblast (safe; 2% risk of failure)
Press: ? - help, Shift-Dir - straight line, f/p - gnoll
Aim: a gnoll, wielding a +0 spear (moderately wounded, 84% to hit)
The blast of sand hits the gnoll.
The gnoll is severely wounded.
The gnoll closely misses you. The gnoll hits you with a +0 spear!
You die...
Your body rises from the dead as a mindless zombie.

.......#....##...........#
######.#....##...........#
# #....##...........# #
#....##...........# ##
#....##........<..# #.
∆#.#####.#'#'#+#.#.#
#K######.......#.#.#.#.#.#
.gg......#######g#.#.#.#.#
#g######.# #@#.#.#.#.# #.
#.# #.#.#...#.# #.
#.#######.#.#####.# #.
####.........#.......# #.
#...........##.####### ..
#...........##.# ..
#...........#..#
#.............## .
#............###


You could see a gnoll.

Vanquished Creatures
  2 adders (D:2)
  A dart slug (D:1)
  5 ball pythons (D:2)
  2 endoplasms
  8 giant cockroaches (D:2)
  6 goblins
  3 hobgoblins (D:1)
  2 jackals (D:2)
  5 bats
  2 frilled lizards (D:1)
  2 kobolds
  5 rats
43 creatures vanquished.

Vanquished Creatures (collateral kills)
  2 bats (D:1)
  3 endoplasms
  A goblin (D:1)
  A kobold (D:2)
  A rat (D:1)
8 creatures vanquished.

Vanquished Creatures (others)
  An adder zombie (D:2)
  4 ball python zombies (D:2)
  2 endoplasm zombies (D:2)
  3 giant cockroach zombies (D:2)
  2 kobold zombies (D:2)
12 creatures vanquished.

Grand Total: 63 creatures vanquished

Notes
Turn   | Place    | Note
-------+----------+-------------------------------------------
     0 | D:1      | booth the Gnoll Wanderer began the quest for the Orb.
     0 | D:1      | booth set off with the following items: a +0 hand axe, a +0
                  | cloak, a scroll of blinking, a +0 robe; and the following
                  | spell memorised: Sandblast; and the following spells
                  | available to memorise: Passwall, Animate Armour.
     0 | D:1      | Reached XP level 1. HP: 13/13 MP: 4/4
   135 | D:1      | Reached XP level 2. HP: 15/19 MP: 3/5
   479 | D:1      | Found a faded altar of an unknown god.
   513 | D:1      | Prayed at the altar of an unknown god.
   513 | D:1      | Became a worshipper of Yredelemnul the Dark
   513 | D:1      | Reached * piety under Yredelemnul
   657 | D:1      | Reached XP level 3. HP: 25/25 MP: 7/7
   859 | D:2      | Reached skill level 1 in Invocations
   955 | D:2      | Reached skill level 1 in Fighting
   955 | D:2      | Reached skill level 1 in Short Blades
   955 | D:2      | Reached skill level 1 in Long Blades
   955 | D:2      | Reached skill level 1 in Maces & Flails
   955 | D:2      | Reached skill level 1 in Polearms
   955 | D:2      | Reached skill level 1 in Staves
   955 | D:2      | Reached skill level 1 in Ranged Weapons
   955 | D:2      | Reached skill level 1 in Throwing
   955 | D:2      | Reached skill level 1 in Armour
   955 | D:2      | Reached skill level 1 in Shields
   955 | D:2      | Reached skill level 1 in Unarmed Combat
   955 | D:2      | Reached skill level 1 in Evocations
  1044 | D:2      | Reached XP level 4. HP: 17/32 MP: 6/8
  1349 | D:2      | Learned a level 2 spell: Passwall
  1466 | D:2      | Slain by a gnoll

Illustrated notes

Levels and vault maps discovered:
D:1:      saegor_arrival_simple_e, layout_rooms,
          hellmonk_ecumenical_altar_blasted, hangedman_decor_riveting,
          minmay_tree_intersection, minmay_misc_feat_rows
D:2:      minmay_roachtagon, layout_basic

Skill      XL: |  1  2  3  4 |
---------------+-------------+-----
Invocations    | 1 |  1.2
Fighting       | 1 |  1.1
Short Blades   | 1 |  1.1
Long Blades    | 1 |  1.1
Maces & Flails | 1 |  1.1
Polearms       | 1 |  1.1
Staves         | 1 |  1.1
Ranged Weapons | 1 |  1.1
Throwing       | 1 |  1.1
Armour         | 1 |  1.1
Shields        | 1 |  1.1
Unarmed Combat | 1 |  1.1
Evocations     | 1 |  1.1
Spellcasting   | 3 |  3.0
Axes           | |  4.6
Dodging        | |  6.6
Stealth        | |  2.5
Conjurations   | |  0.9
Hexes          | |  0.9
Summonings     | |  0.9
Necromancy     | |  0.9
Translocations | |  0.9
Transmutations | |  0.9
Fire Magic     | |  0.9
Ice Magic      | |  0.9
Air Magic      | |  0.9
Earth Magic    | |  5.4
Poison Magic   | |  0.9

Action                   |  1- 3 |  4- 6 || total
-------------------------+-------+-------++-------
Melee: Hand axe          |    53 |    36 ||    89
       Bite              |     3 |     4 ||     7
       Punch             |       |     3 ||     3
 Cast: Sandblast         |    16 |     1 ||    17
Armor: Robe              |    17 |     5 ||    22
Dodge: Dodged            |    83 |    32 ||   115
